 Dungeon Crawl Stone Soup version 0.29.1-1-gd02db6906a (webtiles) character file.

Game seed: 1223553575695301553

900 ImASeal the Trooper (level 7, 0/79 HPs)
             Began as a Troll Fighter on Oct 19, 2022.
             Killed by divine providence
             ... invoked by an orc priest
              (12 damage)
             ... on level 5 of the Dungeon.
             The game lasted 00:10:27 (3585 turns).

ImASeal the Trooper (Troll Fighter)                 Turns: 3585, Time: 00:10:28

Health: 0/79       AC:  8    Str: 27    XL:     7   Next: 79%
Magic:  6/6        EV:  8    Int:  4    God:
Gold:   242        SH:  7    Dex:  9    Spells: 6/6 levels left

rFire   . . .      SeeInvis .   a - +0 trident
rCold   . . .      Faith    .   c - +0 kite shield
rNeg    . . .      Spirit   .   b - +0 robe
rPois   .          Reflect  .   (helmet restricted)
rElec   .          Harm     .   (no cloak)
rCorr   .          Rampage  .   (gloves unavailable)
Will    .....                   (boots unavailable)
Stlth   +.........              (no amulet)
HPRegen 1.03/turn               n - +4 ring of protection
MPRegen 0.10/turn               (no ring)

@: mighty, attractive
A: large, unfitting armour, claws 3, regeneration 1, shaggy fur 1, tough skin 1
a: no special abilities


You were on level 5 of the Dungeon.
You visited 1 branch of the dungeon, and saw 7 of its levels.

You collected 242 gold pieces.

Inventory:

Hand Weapons
 a - a +0 trident (weapon)
Missiles
 e - 52 stones (quivered)
 p - 11 poisoned darts
 y - 3 throwing nets
 A - 3 large rocks
Armour
 b - a +0 robe (worn)
 c - a +0 kite shield (worn)
Jewellery
 n - a +4 ring of protection (left claw)
 C - an amulet of regeneration
Wands
 x - a wand of light (10)
 B - a wand of polymorph (8)
Scrolls
 f - 2 scrolls of magic mapping {unknown}
 g - 2 scrolls of noise {unknown}
 h - a scroll of fog
 i - a scroll of immolation {unknown}
 k - 5 scrolls of identify {unknown}
 l - 4 scrolls of teleportation {unknown}
 u - a scroll of poison {unknown}
 D - a scroll of enchant weapon {unknown}
Potions
 d - 3 potions of might
 j - 2 potions of attraction
 m - a potion of cancellation {unknown}
 o - a potion of resistance {unknown}
 q - 2 potions of haste {unknown}
 r - a potion of flight {unknown}
 s - 2 potions of curing
 t - a potion of heal wounds {unknown}
 v - 2 potions of mutation {unknown}
 w - 2 potions of degeneration {unknown}
 z - a potion of brilliance {unknown}


   Skills:
 + Level 7.9 Fighting
 - Level 1.5 Polearms
 - Level 2.4 Dodging
 - Level 2.6 Shields


You had 6 spell levels left.
You didn't know any spells.
Your spell library contained the following spells:

 Spells                   Type           Power      Damage    Failure   Level
 Apportation              Tloc           0%         N/A       80%         1
 Necrotise                Necr           0%         1d4       80%         1
 Shock                    Conj/Air       0%         1d3       80%         1
 Summon Small Mammal      Summ           0%         N/A       80%         1
 Gell's Gravitas          Tloc           0%         N/A       99%         3
 Swiftness                Air            0%         N/A       99%         3
 Teleport Other           Tloc           0%         N/A       99%         3
 Airstrike                Air            0%         2d(0-16)  100%        4
 Dispersal                Tloc           0%         N/A       100%        6


Dungeon Overview and Level Annotations

Branches:
Dungeon (7/15)
 Temple: D:4-7

Altars:
Vehumet

Shops:
D:1 (   D:5 *


Innate Abilities, Weirdness & Mutations

You are too large for most types of armour.
You have claws for hands.
Your natural rate of healing is unusually fast.
You are covered in fur. (AC +1)
You have tough skin. (AC +1)


Message History

You block the orc's attack.
You hit the orc but do no damage.
The orc is almost dead.
The orc hits you with a +0 club.
* * * LOW HITPOINT WARNING * * *
The orc barely misses you.
You hit the orc.
You kill the orc!
You feel very mighty all of a sudden.
You hear some strange, mumbled words.
A magic dart appears from out of thin air!
The magic dart hits you but does no damage.
The orc priest calls down the wrath of Beogh upon you.
Something writhes in agony!
It was a potion of attraction.
You feel attractive to monsters.
You hear some strange, mumbled words.
A puff of flame appears from out of thin air!
The puff of flame misses you.
You closely miss something. Something completely misses you.
You miss something. Something hits you but does no damage.
You miss something. Something hits you but does no damage.
The orc priest begins to cast a cantrip, but forgets the words!
Something hits you but does no damage.
The orc priest calls down the wrath of Beogh upon you.
Beogh smites you!
* * * LOW HITPOINT WARNING * * *
You puncture something!
Reactivating autopickup.
You feel a bit more experienced.
The orc priest calls down the wrath of Beogh upon you.
Pain shoots through your body!
* * * LOW HITPOINT WARNING * * *
The orc priest is attracted toward you.
It was a potion of curing.
You feel better. You block the orc priest's attack.
You hit the orc priest.
The orc priest is moderately wounded.
The orc priest mumbles some strange prayers to Beogh against you.
Beogh smites you!
You die...

#............#
##.......###.##
.....##### #o.#
###.## ##o## #
### #.ยง# ##o##
##o# #o## ##@#
###


You could see 2 orc priests and an orc.

Vanquished Creatures
  A water moccasin (D:5)
  A black bear (D:5)
  An ogre (D:6)
  The ghost of Winsalot the Firebug, an amateur GnFE (D:3)
  A kobold brigand (D:6)
  2 hounds
  Terence (D:3)
  4 iguanas
  3 orc wizards
  8 gnolls
  3 adders
  A shadow imp (D:6)
  An ufetubus (D:4)
  3 dart slugs
  9 orcs
  8 ball pythons
  7 endoplasms
  A giant cockroach (D:4)
  8 goblins
  9 hobgoblins
  6 jackals (D:2)
  2 quokkas (D:3)
  11 bats
  2 frilled lizards
  18 kobolds
  8 rats
120 creatures vanquished.

Notes
Turn   | Place    | Note
-------+----------+-------------------------------------------
     0 | D:1      | ImASeal the Troll Fighter began the quest for the Orb.
     0 | D:1      | Reached XP level 1. HP: 22/22 MP: 0/0
    95 | D:1      | Reached XP level 2. HP: 29/29 MP: 1/1
   101 | D:1      | Reached skill level 3 in Fighting
   494 | D:1      | Reached XP level 3. HP: 37/37 MP: 2/2
   580 | D:1      | Found a faded altar of an unknown god.
   753 | D:1      | Found Tiax's Weapon Shop.
   810 | D:2      | Found a radiant altar of Vehumet.
  1098 | D:2      | Reached skill level 4 in Fighting
  1217 | D:2      | Reached XP level 4. HP: 33/48 MP: 3/3
  1606 | D:3      | Found a transporter.
  1606 | D:3      | Noticed Winsalot's ghost (amateur GnFE)
  1609 | D:3      | Found a transporter.
  1833 | D:3      | Noticed Terence
  1844 | D:3      | Killed Terence
  1845 | D:3      | Reached XP level 5. HP: 45/55 MP: 4/4
  2252 | D:3      | Killed Winsalot's ghost
  2253 | D:3      | Reached skill level 5 in Fighting
  2349 | D:4      | Reached XP level 6. HP: 52/67 MP: 5/5
  2452 | D:4      | Reached skill level 6 in Fighting
  3073 | D:5      | Entered Level 5 of the Dungeon
  3102 | D:5      | Noticed a water moccasin
  3115 | D:5      | Killed a water moccasin
  3116 | D:5      | Reached XP level 7. HP: 76/76 MP: 6/6
  3131 | D:5      | Reached skill level 7 in Fighting
  3157 | D:5      | Found Epsoz's Assorted Antiques.
  3159 | D:5      | You fall into a shaft and drop 2 floors!
  3160 | D:7      | Noticed a hornet
  3583 | D:5      | HP: 3/79 [orc priest/nerve-wracking pain (7)]
  3585 | D:5      | Killed from afar by an orc priest

Illustrated notes

Levels and vault maps discovered:
D:1:      dpeg_arrival_rhombus, layout_loops_ring,
          hellmonk_ecumenical_altar_lost_god, serial_shops, shop_statue
D:2:      layout_basic, basic_altar, serial_forest,
          infiniplex_forest_clump_tiny, infiniplex_forest_straight_4,
          infiniplex_forest_lined_3, infiniplex_forest_lined_2,
          infiniplex_forest_lined_1, infiniplex_forest_lined_ring,
          infiniplex_forest_straight_2
D:3:      minmay_evil_eye, layout_loops_cross, gammafunk_ghost_arena,
          kennysheep_generic_room_7, uniq_terence
D:4:      layout_basic, dk_noncrumbling_4
D:5:      layout_cave_pods, grunt_temple_overflow_growth_and_decay,
          serial_shops, nicolae_square_shop
D:6:      layout_loops_ring, sigmund_army, uniq_eustachio, uniq_grinder,
          uniq_sigmund, uniq_edmund
D:7:      cheibrodos_wizards_tower, layout_cave_pools, nicolae_ru_path_of_blood,
          minmay_temple_entry_junction_2

Skill      XL: |  1  2  3  4  5  6  7 |
---------------+----------------------+-----
Fighting       | 3 4 5 6 7 |  7.9
Polearms       | |  1.5
Dodging        | |  2.4
Shields        | |  2.6

Action                   |  1- 3 |  4- 6 |  7- 9 || total
-------------------------+-------+-------+-------++-------
Melee: Trident           |   167 |   254 |    98 ||   519
Throw: Dart              |       |     3 |       ||     3
       Large rock        |       |     1 |       ||     1
  Use: Potion            |       |       |     3 ||     3
       Scroll            |       |       |     1 ||     1
 Stab: Sleeping          |     2 |     2 |       ||     4
Armor: Robe              |   101 |   128 |    34 ||   263
Dodge: Dodged            |    88 |    94 |    32 ||   214
Block: Kite shield       |    67 |    89 |    39 ||   195
